 Dungeon Crawl Stone Soup version 0.29.1-1-gd02db6906a (webtiles) character file.

Game seed: 4697600848836324376

75 fireball365 the Digger (level 3, -3/27 HPs)
             Began as a Demigod Earth Elementalist on Oct 3, 2022.
             Slain by an iron imp (10 damage)
             ... on level 3 of the Dungeon.
             The game lasted 00:19:44 (2384 turns).

fireball365 the Digger (Demigod Earth Elementalist) Turns: 2384, Time: 00:19:44

Health: -3/27      AC:  3    Str:  9    XL:     3   Next: 88%
Magic:  3/9        EV: 12    Int: 21    God:
Gold:   94         SH:  0    Dex: 14    Spells: 5/6 levels left

rFire   + . .      SeeInvis .   s - +1 dagger (protect)
rCold   . . .      Faith    .   (no shield)
rNeg    . . .      Spirit   .   a - +0 robe
rPois   .          Reflect  .   (no helmet)
rElec   .          Harm     .   (no cloak)
rCorr   .          Rampage  .   (no gloves)
Will    .....                   m - +0 pair of boots
Stlth   ++........              (no amulet)
HPRegen 0.09/turn               (no ring)
MPRegen 0.11/turn               (no ring)

@: no status effects
A: high MP 1, forlorn, divine attributes, fire resistance 1
a: no special abilities


You were on level 3 of the Dungeon.
You visited 1 branch of the dungeon, and saw 3 of its levels.

You collected 94 gold pieces.

Inventory:

Hand Weapons
 b - a +0 club
 c - a +0 club
 d - a +0 dagger
 e - a +0 club
 f - a +1 short sword
 i - a +0 dagger
 k - a +0 whip
 l - a +0 club
 n - a +0 sling
 p - a +0 glaive of venom
 q - a +0 short sword
 s - a +1 dagger of protection (weapon)
 v - a +0 club
 w - a +0 short sword
 A - a +0 mace
Missiles
 g - 5 stones
Armour
 a - a +0 robe (worn)
 m - a +0 pair of boots (worn)
 x - a +1 pair of boots
Scrolls
 h - a scroll of identify
 r - a scroll of fog
 t - a scroll of poison
 y - a scroll of teleportation {unknown}
Potions
 j - 2 potions of flight
 o - a potion of might {unknown}
 u - a potion of cancellation {unknown}
 z - a potion of resistance {unknown}
 B - a potion of heal wounds {unknown}


   Skills:
 + Level 0.3 Fighting
 + Level 1.9 Dodging
 + Level 1.9 Stealth
 + Level 2.4 Spellcasting
 + Level 0.8 Transmutations
 + Level 3.9 Earth Magic


You had 5 spell levels left.
You knew the following spells:

 Your Spells              Type           Power      Damage    Failure   Level
a - Sandblast             Erth           38%        2d10      2%          1

Your spell library contained the following spells:

 Spells                   Type           Power      Damage    Failure   Level
 Passwall                 Tmut/Erth      10%        N/A       8%          2
 Apportation              Tloc           4%         N/A       14%         1
 Magic Dart               Conj           8%         1d3       14%         1
 Necrotise                Necr           8%         1d4       14%         1
 Summon Small Mammal      Summ           8%         N/A       14%         1
 Stone Arrow              Conj/Erth      20%        3d8       19%         3
 Call Imp                 Summ           2%         N/A       22%         2
 Mephitic Cloud           Conj/Pois/Air  2%         N/A       38%         3
 Petrify                  Tmut/Erth      12%        N/A       45%         4
 Summon Forest            Summ/Tloc      1%         N/A       98%         5
 Summon Mana Viper        Hex/Summ       2%         N/A       98%         5
 Summon Cactus Giant      Summ           1%         N/A       100%        6


Dungeon Overview and Level Annotations

Branches:
Dungeon (3/15)


Innate Abilities, Weirdness & Mutations

You have an increased reservoir of magic. (+10% MP)
You shall have no god before yourself.
Your divine heritage dramatically boosts your attributes as you level up.
Your flesh is heat resistant. (rF+)


Message History

You can't see any susceptible monsters within range! (Use Z to cast anyway.)
You can't see any susceptible monsters within range! (Use Z to cast anyway.)
The blast of sand hits the iron imp!
The iron imp is heavily wounded.
The iron imp hits you.
The blast of sand hits the iron imp.
The iron imp is severely wounded.
The iron imp hits you.
The blast of sand hits the iron imp but does no damage.
The iron imp is severely wounded.
The iron imp barely misses you. x2
The blast of sand hits the iron imp but does no damage.
The iron imp is severely wounded.
The iron imp hits you! The iron imp barely misses you.
You are too injured to fight recklessly!
You are too injured to fight recklessly!
You are too injured to fight recklessly!
You are too injured to fight recklessly!
You are too injured to fight recklessly!
You are too injured to fight recklessly!
You are too injured to fight recklessly!
Casting: Sandblast (safe; 2% risk of failure)
Confirm with . or Enter, or press ? or * to list all spells.
Aiming: Sandblast (safe; 2% risk of failure)
Press: ? - help, Shift-Dir - straight line, f/p - iron imp
Aim: an iron imp (severely wounded, 87% to hit)
The blast of sand hits the iron imp.
The iron imp is almost dead.
The iron imp closely misses you. The iron imp barely misses you.
Casting: Sandblast (safe; 2% risk of failure)
Confirm with . or Enter, or press ? or * to list all spells.
Aiming: Sandblast (safe; 2% risk of failure)
Press: ? - help, Shift-Dir - straight line, f/p - iron imp
Aim: an iron imp (almost dead, 87% to hit)
The blast of sand hits the iron imp.
You kill the iron imp!
The iron imp hits you.
* * * LOW HITPOINT WARNING * * *
The iron imp hits you!
You die...

###.#......
#.#......§≈§≈≈.#
#.#......§≈....#
#.#.....≈§§§...#
#.#.....≈≈§....#
#.#....≈8§.._..#
#.#.....§§.§...#
#.#.....≈≈.....#
#.#.....@≈≈....#
#.......5.≈§≈≈.#
###........≈§§.#
#............#
##############


You could see an iron imp.

Vanquished Creatures
  An iron imp (D:3)
  2 adders (D:2)
  3 worms
  A dart slug (D:2)
  2 endoplasms (D:1)
  4 giant cockroaches (D:1)
  4 goblins
  5 hobgoblins
  6 jackals
  4 kobolds
  A quokka (D:1)
  3 ball pythons
  3 bats
  3 frilled lizards
  5 rats
47 creatures vanquished.

Notes
Turn   | Place    | Note
-------+----------+-------------------------------------------
     0 | D:1      | fireball365 the Demigod Earth Elementalist began the quest
                  | for the Orb.
     0 | D:1      | Reached XP level 1. HP: 14/14 MP: 5/5
    94 | D:1      | Reached skill level 3 in Earth Magic
   178 | D:1      | Reached XP level 2. HP: 19/20 MP: 4/7
  1008 | D:2      | Reached XP level 3. HP: 26/26 MP: 5/8
  1699 | D:2      | Gained mutation: Your flesh is heat resistant. (rF+)
                  | [potion of mutation]
  2384 | D:3      | Slain by an iron imp

Illustrated notes

Levels and vault maps discovered:
D:1:      psy_arrival_spokes, layout_loops_ring
D:2:      layout_basic, minmay_hedge_maze, minmay_misc_feat_alley,
          minmay_misc_feat_secret_circle
D:3:      layout_basic, demons_altar, dreamdust_ecumenical_altar_drowned_temple,
          chequers_serial_rivers_micro_a, grunt_ministairs_3

Skill      XL: |  1  2 |
---------------+-------+-----
Earth Magic    | 3 |  3.9
Spellcasting   | 2 |  2.4
Fighting       | |  0.3
Dodging        | |  1.9
Stealth        | |  1.9
Transmutations | |  0.8

Action                   || total
-------------------------++-------
Melee: Unarmed           ||    37
 Cast: Sandblast         ||    76
  Use: Scroll            ||     4
       Potion            ||     2
Armor: Robe              ||     8
Dodge: Dodged            ||    36
